[Event "IV Copa Marcel Duchamp 2020"]
[Site "Montevideo"]
[Date "2020.02.09"]
[Round "3.5"]
[White "Vazquez, Guillermo"]
[Black "Lopez Azambuja, Nicolas"]
[Result "1-0"]
[ECO "C65"]
[WhiteElo "2524"]
[BlackElo "2310"]
[Annotator "RC"]
[PlyCount "93"]
[EventDate "2020.02.08"]
[EventType "swiss"]
[EventCountry "URU"]
[SourceTitle "playchess.com"]
[Source "ChessBase"]
[SourceQuality "1"]
[TimeControl "5400+30"]

1. e4 e5 2. Nf3 Nc6 3. Bb5 Nf6 4. d3 Bc5 5. Bxc6 dxc6 6. Nbd2 Be6 7. O-O Nd7 8. Nb3 Bb6 9. Ng5 Bxb3 10. axb3 f6 11. Nf3 O-O 12. Nd2 Nc5 13. Nc4 Ne6 14. Be3 Qd7 15. Qg4 Rad8 16. Nxb6 axb6 17. Ra7 Ra8 18. Rfa1 Rab8 19. h3 Rfd8 20. g3 c5 21. f4 Nd4 22. Qxd7 Rxd7 23. Bxd4 cxd4 24. Ra8 Rdd8 25. Rxb8 Rxb8 26. Kf2 Kf7 27. c3 Rd8 28. Ke2 c5 29. Ra7 Rd7 30. Ra8 Ke7 31. Rb8 Kd6 32. h4 b5 33. h5 h6 34. c4 bxc4 35. bxc4 Kc7 36. Re8 Kd6 37. Rb8 Kc7 38. Rg8 Kd6 39. Kd2 Ke6 40. Kc2 b5 41. cxb5 Rb7 42. b6 Kd6 43. Ra8 exf4 44. gxf4 Rxb6 45. Ra7 Rc6 46. Rxg7 c4 47. Rg6 {[%emt 0:00:59] Kd5} 1-0

[Event "IV Copa Marcel Duchamp 2020"]
[Site "Montevideo"]
[Date "2020.02.09"]
[Round "3.13"]
[White "Siddeley, Hugh"]
[Black "Michailov, Matias"]
[Result "1-0"]
[ECO "A45"]
[WhiteElo "1974"]
[BlackElo "2262"]
[Annotator "ChessBase"]
[PlyCount "49"]
[EventDate "2020.02.08"]
[EventType "swiss"]
[EventCountry "URU"]
[SourceTitle "playchess.com"]
[Source "ChessBase"]
[SourceQuality "1"]
[TimeControl "5400+30"]

1. d4 Nf6 2. Bf4 g6 3. e3 Bg7 4. h3 O-O 5. Nf3 d6 6. Be2 Nbd7 7. O-O Qe8 8. c3 e5 9. Bh2 Qe7 10. a4 Ne4 11. Nbd2 Nxd2 12. Nxd2 f5 13. a5 a6 14. b4 Nf6 15. b5 axb5 16. Qb3+ Kh8 17. Qxb5 Nd7 18. Bf3 e4 19. Bd1 g5 20. Bc2 Nf6 21. Rfe1 Qf7 22. f3 exf3 23. Nxf3 Bh6 24. Qe2 g4 25. Nd2 1-0

[Event "IV Copa Marcel Duchamp 2020"]
[Site "Montevideo"]
[Date "2020.02.09"]
[Round "3.15"]
[White "Aguilar Samper, Valentin"]
[Black "Larrea, Manuel"]
[Result "0-1"]
[ECO "E63"]
[WhiteElo "1946"]
[BlackElo "2243"]
[Annotator "ChessBase"]
[PlyCount "120"]
[EventDate "2020.02.08"]
[EventType "swiss"]
[EventCountry "URU"]
[SourceTitle "playchess.com"]
[Source "ChessBase"]
[SourceQuality "1"]
[TimeControl "5400+30"]

1. d4 Nf6 2. g3 g6 3. Bg2 Bg7 4. Nf3 O-O 5. O-O d6 6. c4 Nc6 7. Nc3 a6 8. Re1 Rb8 9. Rb1 b5 10. cxb5 axb5 11. b4 e6 12. e4 Ne7 13. Nd2 Nd7 14. Nb3 Ba6 15. Qc2 Nc6 16. Nd5 Bb7 17. Nxc7 Qxc7 18. d5 Nde5 19. dxc6 Qxc6 20. Qe2 Qc4 21. Na5 Qxe2 22. Rxe2 Ba8 23. Bb2 Rfc8 24. Rd1 Bf8 25. a3 Nc4 26. Nxc4 bxc4 27. Rc2 f5 28. Rd4 c3 29. Bxc3 Bg7 30. Rxd6 Rxc3 31. Rxc3 Bxc3 32. exf5 exf5 33. Rd3 Bf6 34. Rb3 Kf7 35. b5 Ke6 36. a4 Bxg2 37. Kxg2 Kd5 38. Rd3+ Bd4 39. Kf3 Kc4 40. Rd2 Ra8 41. g4 fxg4+ 42. Kxg4 Rxa4 43. Kg5 Ra3 44. h4 Rf3 45. Rc2+ Kxb5 46. Kg4 Rf5 47. f3 h5+ 48. Kg3 Be5+ 49. Kg2 Bf6 50. Kg3 Rc5 51. Rd2 Kc6 52. Ra2 Be5+ 53. Kh3 Kd5 54. Ra6 Bd6 55. Ra8 Ke6 56. Re8+ Kf6 57. Re3 Rc2 58. f4 Rc4 59. Rb3 Bxf4 60. Rb6+ Ke5 0-1

[Event "IV Copa Marcel Duchamp 2020"]
[Site "Montevideo"]
[Date "2020.02.09"]
[Round "3.23"]
[White "Zaruski, Julio"]
[Black "Guerrero, Alvaro"]
[Result "0-1"]
[ECO "A10"]
[WhiteElo "1822"]
[BlackElo "2094"]
[Annotator "NA"]
[PlyCount "142"]
[EventDate "2020.02.08"]
[EventType "swiss"]
[EventCountry "URU"]
[SourceTitle "playchess.com"]
[Source "ChessBase"]
[SourceQuality "1"]
[TimeControl "5400+30"]

1. c4 g6 2. g3 Bg7 3. Bg2 d6 4. Nc3 Nc6 5. d3 e6 6. e4 {[%emt 0:00:20] A10: English Opening: Unusual Replies for Black.} Nge7 7. Nge2 O-O {[%emt 0:01:06] [#]} 8. O-O $146 ({Predecessor:} 8. Be3 Ne5 9. h3 c6 10. f4 Nd7 11. O-O Re8 12. Qe1 Nf8 13. Qf2 f5 14. Rad1 {0-1 (37) Seidemann,U (2090)-Nagrocka,E (2105) Germany 1996}) 8... e5 9. Be3 Nd4 10. Kh1 c6 11. Qd2 Bg4 12. f3 Be6 13. Nd1 f5 14. Nxd4 exd4 15. Bg5 fxe4 16. fxe4 Rxf1+ 17. Bxf1 Qd7 18. b4 Rf8 19. Nf2 {[%emt 0:00:57] [#]} h6 $1 20. Bxe7 $1 Qxe7 21. Bg2 Kh7 22. Nh3 g5 23. Rf1 Bf6 24. a3 Qd7 25. Ng1 Kg7 26. Qd1 Rf7 27. Rf2 b6 28. Qa4 Kg8 (28... c5 $15 29. b5 Bd8 30. Rxf7+ Qxf7) 29. e5 b5 30. cxb5 (30. Qa6 $11 Bxe5 31. Bxc6 {[%mdl 64] Double Attack}) 30... cxb5 31. Qd1 dxe5 32. Qh5 Bg7 33. Rxf7 Bxf7 34. Qf3 Bg6 35. Qa8+ Kh7 36. Be4 {[%emt 0:00:12] [#]} (36. Bc6 $17 Qf7 37. Bd5) 36... Qf7 $2 (36... g4 $1 $19 37. h4 h5) 37. Kg2 {[%emt 0:02:07] [#]} (37. g4 $1 $11) 37... Bxe4+ (37... g4 $1 $17 38. h3 h5 39. hxg4 hxg4) 38. Qxe4+ Qg6 39. Qxg6+ $1 Kxg6 40. Kf3 $1 h5 41. Ke4 $2 (41. h3 $1 $11) 41... g4 42. Ne2 {[%emt 0:00:40] [#]} Kf6 $1 43. Nc1 Bh6 44. Nb3 Be3 45. Nc5 Bg1 46. Nd7+ Ke6 47. Nxe5 Bxh2 48. Nc6 Bxg3 49. Nxd4+ Kf6 50. Ne2 Bb8 51. Ke3 h4 52. Kf2 a6 53. Kg2 Ke5 54. Nc3 h3+ 55. Kh1 g3 56. Ne4 Kd4 57. Ng5 h2 58. Ne6+ Kxd3 59. Kg2 Kc4 60. Nc5 Bd6 61. Ne4 Be5 62. Nc5 {[%emt 0:00:28] [#]} a5 $1 63. Nd7 axb4 64. axb4 Bd4 65. Nb8 Kxb4 66. Na6+ Kc4 67. Kh1 Be5 68. Kg2 Bd6 69. Kh1 Kd3 70. Kg2 Ke2 71. Kh1 Kf1 0-1

[Event "IV Copa Marcel Duchamp 2020"]
[Site "Montevideo"]
[Date "2020.02.09"]
[Round "3.24"]
[White "Torella, Rodolfo"]
[Black "Lanaro, Emilio"]
[Result "1/2-1/2"]
[ECO "B50"]
[WhiteElo "2081"]
[BlackElo "1671"]
[Annotator "NA RC"]
[PlyCount "58"]
[EventDate "2020.02.08"]
[EventType "swiss"]
[EventCountry "URU"]
[SourceTitle "playchess.com"]
[Source "ChessBase"]
[SourceQuality "1"]
[TimeControl "5400+30"]

1. e4 c5 2. Nf3 d6 3. g3 g6 4. Bg2 Bg7 5. O-O Nf6 6. Re1 {[%emt 0:01:13] B50: Sicilian: 2...d6, Miscellaneous.} O-O 7. d4 cxd4 8. Nxd4 {[%emt 0:00:12] [#]} Re8 $146 ({Predecessor:} 8... Qc7 9. Nc3 Nc6 10. Nde2 Rb8 11. a4 a6 12. h3 b5 13. axb5 axb5 14. Bg5 b4 15. Bxf6 exf6 {1-0 (52) Gukesh,D (2433)-Slovak,K (2285) Pardubice 2018}) 9. h3 Nbd7 10. c4 a6 11. Nc3 Rb8 12. Be3 Nc5 13. b4 Ne6 14. Nb3 (14. Rc1 $14) 14... Bd7 (14... Ng4 $1 $11) 15. a4 $2 (15. Rc1 $16) 15... Qc8 $2 {[%emt 0:04:34] [#]} (15... Ng4 $1 $17 {and life is bright.} 16. Rc1 Nxe3 17. Rxe3 Bxc3 18. Rcxc3 Bxa4) 16. Qd3 ({Only move:} 16. Rc1 $1 $16) 16... Nc7 (16... Nd8 $11) 17. Kh2 b5 18. axb5 axb5 {[%emt 0:00:06] [#]} 19. c5 $1 Na6 20. Na2 (20. Rac1 $14) 20... Be6 21. cxd6 Bc4 22. Qc2 exd6 23. e5 (23. Na5 $11 {remains equal.}) 23... dxe5 24. Ba7 (24. Nc5 $17 {was called for.}) 24... Bd5 25. Qxc8 Rbxc8 26. Nc5 Ra8 27. Nxa6 Rxa7 28. Nc3 Bxg2 29. Nxb5 {[%emt 0:00:26] [#]} Rxa6 $19 1/2-1/2

[Event "IV Copa Marcel Duchamp 2020"]
[Site "Montevideo"]
[Date "2020.02.09"]
[Round "3.25"]
[White "Manteiga, Franco"]
[Black "Suarez, Pedro"]
[Result "1/2-1/2"]
[ECO "E43"]
[WhiteElo "1703"]
[BlackElo "2063"]
[Annotator "NA RC"]
[PlyCount "58"]
[EventDate "2020.02.08"]
[EventType "swiss"]
[EventCountry "URU"]
[SourceTitle "playchess.com"]
[Source "ChessBase"]
[SourceQuality "1"]
[TimeControl "5400+30"]

1. d4 Nf6 2. c4 e6 3. Nc3 Bb4 4. e3 b6 5. Bd3 Bb7 6. Nge2 O-O (6... Bxg2 $17 7. Rg1 Bf3) 7. O-O (7. a3 $5 Be7 8. O-O $11) 7... d5 8. a3 Bd6 {[%emt 0:19:47] E47: Nimzo-Indian: Rubinstein: 5 Bd3 without ...d5} 9. Ng3 Nbd7 10. b3 Re8 {[%emt 0:06:15] [#]} 11. cxd5 $146 ({Predecessor:} 11. Bb2 c5 12. cxd5 exd5 13. Rc1 Rc8 14. dxc5 bxc5 15. Nb5 {0-1 (108) Navalgund,N (2312)-Rozum,I (2595) New Delhi 2018}) 11... Bxg3 12. hxg3 exd5 13. Bb2 a6 14. Rc1 Nf8 15. Rc2 Ne6 16. Qd2 Ng5 17. Rfc1 Re7 18. a4 Qd6 19. Nb1 Nfe4 20. Qe2 c5 21. Ba3 Rc7 22. Nd2 Nxd2 23. Qxd2 ({Don't take} 23. Rxd2 $6 a5 $16) ({Don't do} 23. dxc5 $6 bxc5 24. Qxd2 Rac8 $14) 23... Rac8 24. Qe2 (24. a5 $18) 24... a5 25. Bf5 Ne6 26. Bxe6 fxe6 27. Qb5 Qc6 28. Qxc6 Rxc6 $14 29. dxc5 Ba6 1/2-1/2

[Event "IV Copa Marcel Duchamp 2020"]
[Site "Montevideo"]
[Date "2020.02.09"]
[Round "3.26"]
[White "Moreno, Nelson"]
[Black "Brizzi, Milagros Tatiana"]
[Result "0-1"]
[ECO "B13"]
[WhiteElo "1656"]
[BlackElo "2022"]
[Annotator "NA RC"]
[PlyCount "117"]
[EventDate "2020.02.08"]
[EventType "swiss"]
[EventCountry "URU"]
[SourceTitle "playchess.com"]
[Source "ChessBase"]
[SourceQuality "1"]
[TimeControl "5400+30"]

1. e4 c6 2. d4 d5 3. exd5 cxd5 4. c4 Nf6 5. Nc3 Nc6 6. Nf3 Bg4 7. Be3 e6 8. Bd3 {[%emt 0:04:58] B13: Caro-Kann: Exchange Variation and Panov-Botvinnik Attack.} Be7 9. O-O O-O {[#]} 10. a3 $146 ({Predecessor:} 10. Rc1 Rc8 11. cxd5 Nxd5 12. Ne4 e5 13. dxe5 Nxe5 14. Rxc8 Qxc8 15. Be2 Rd8 16. Nd4 Bxe2 17. Qxe2 Nxe3 18. fxe3 {1-0 (34) Balint,V (2274)-Gal,T (2080) Nyiregyhaza 2004}) 10... Rc8 11. c5 (11. cxd5 $11 Nxd5 12. h3) 11... e5 12. Be2 e4 (12... Bxf3 $15 13. Bxf3 exd4 14. Bxd4 Nxd4 15. Qxd4 Bxc5) 13. Nd2 Bxe2 14. Nxe2 Ne8 15. Qb3 Rb8 (15... b6 $11) 16. Nf4 (16. Bf4 $14) 16... Nc7 17. f3 Bf6 18. Ne2 (18. fxe4 $11 Bxd4 19. Bxd4 Nxd4 20. Qd3 dxe4 21. Nxe4) 18... Ne6 (18... b6 $17 19. cxb6 Rxb6) 19. Qc3 exf3 20. Rxf3 b6 21. cxb6 Rxb6 ({Better is} 21... Qxb6 $17 22. Qd3 Qb5 23. Qxb5 Rxb5) 22. b4 g6 23. Raf1 Bg7 24. Rg3 (24. Nb3 $11 {keeps the balance.}) 24... Qc8 25. Qd3 Qb8 (25... Re8 $15) 26. Nc3 (26. Nb3 $1 $11 {remains equal.}) 26... Qd8 (26... Ncxd4 $17 27. Bxd4 (27. Nxd5 $2 Rd6 $19) 27... Nxd4) 27. Nf3 Rb7 28. Qa6 Rb6 (28... Re7 $17) 29. Qd3 Rb8 30. Rc1 (30. Na4 $11) 30... Rc8 31. Ne2 Qb6 32. Kh1 (32. Rf1 $15) 32... Rfe8 ({Better is} 32... Ne7 $17 33. Rd1 Nf5) 33. Rd1 (33. Rf1 $15) 33... Ne7 34. Bg1 Nf5 35. Rh3 Qd6 36. Ne5 (36. Rf1 $17) 36... Ng5 37. Nf4 Nxh3 38. Nxh3 f6 39. g4 Ne7 40. Nf3 Rc7 41. Bf2 Qd7 42. Bg3 Rc6 43. Nf2 Re6 44. g5 $2 (44. Rc1 {was called for.}) 44... Nf5 45. Bf4 fxg5 46. Bxg5 Qf7 47. Ng4 h6 (47... Ne3 $142 48. Nfe5 Rxe5 49. Nxe5 Rxe5) 48. Bc1 (48. Nge5 $142 Bxe5 49. Nxe5 Rxe5 50. dxe5 hxg5 51. Qxd5) 48... Qc7 49. Nge5 Rf8 ({Much less strong is} 49... Bxe5 50. dxe5 d4 51. Bd2 $19) 50. Rg1 Ne7 ({Weaker is} 50... Bxe5 51. Nxe5 g5 52. b5 $19) (50... g5 $142 51. Bb2 Nd6) 51. Bd2 Ref6 52. Nh4 g5 53. Nhg6 Nxg6 54. Nxg6 {[%emt 0:00:07] [#]} Rf2 $1 55. Ne5 Bxe5 56. dxe5 Qxe5 57. Qg6+ Qg7 58. Qe6+ Qf7 59. Qe3 0-1

[Event "IV Copa Marcel Duchamp 2020"]
[Site "Montevideo"]
[Date "2020.02.09"]
[Round "3.27"]
[White "Meskanen, Vesa"]
[Black "Cardozo, Camila"]
[Result "1-0"]
[ECO "E06"]
[WhiteElo "2019"]
[BlackElo "1539"]
[Annotator "NA RC"]
[PlyCount "56"]
[EventDate "2020.02.08"]
[EventType "swiss"]
[EventCountry "URU"]
[SourceTitle "playchess.com"]
[Source "ChessBase"]
[SourceQuality "1"]
[TimeControl "5400+30"]

1. d4 d5 2. c4 e6 3. Nf3 Nf6 4. g3 Be7 5. Bg2 O-O 6. O-O dxc4 7. Qc2 a6 8. Qxc4 b5 9. Qc2 Bb7 10. Bf4 Nd5 11. Bd2 Nd7 {[%emt 0:05:24] E05: Open Catalan: 5 Nf3 Be7} 12. e4 N5f6 13. e5 {[%emt 0:07:29] [#]} Ne4 $146 ({Black should try Predecessor:} 13... Nd5 $11 14. a3 c5 15. dxc5 Nxc5 16. Nc3 Rc8 17. Rfd1 h6 18. Rac1 Qb6 19. Nxd5 Bxd5 {0-1 (55) Salem,Z-Jhunjhnuwala,N (2250) Thessaloniki 1984}) 14. Ba5 Nb6 15. b3 c5 {[%emt 0:45:39] [#]} (15... Ra7 $11) 16. Rd1 $1 Qc7 17. Ne1 (17. Re1 $18) 17... f5 18. f3 (18. exf6 $1 $16 Nxf6 19. dxc5 Bxc5 20. b4 Bxg2 21. bxc5) 18... Ng5 {[%emt 0:02:02] [#]} 19. Rc1 $1 Rac8 20. dxc5 Bxc5+ {[%emt 0:04:41] [#]} ({Much worse is} 20... Qxe5 $6 21. Bxb6 f4 22. gxf4 $16 (22. Qc3 Qb8 $16)) 21. Qxc5 $1 {[%emt 0:02:25] Remove Defender} Qxc5+ (21... Qd7 $1 $11 22. Qe3 (22. Bxb6 Rxc5 23. Bxc5 Rc8 $17) (22. Qxb6 Rxc1 23. Bd2 Rd1 $11) 22... Rxc1 23. Qxc1 Qd4+ 24. Kf1 Qxa1 25. Bxb6 h6) 22. Rxc5 Rxc5 23. Bxb6 Rxe5 24. Nc3 b4 (24... f4 {was called for.} 25. gxf4 Rxf4) 25. Nd3 bxc3 26. Nxe5 Rc8 27. Rc1 Kf8 28. h4 $18 Nf7 1-0

[Event "IV Copa Marcel Duchamp 2020"]
[Site "Montevideo"]
[Date "2020.02.09"]
[Round "3.28"]
[White "De Cuadro, Dionisio"]
[Black "Gomez Troccoli, Martin"]
[Result "1-0"]
[ECO "A21"]
[WhiteElo "1650"]
[BlackElo "2004"]
[Annotator "NA RC"]
[PlyCount "69"]
[EventDate "2020.02.08"]
[EventType "swiss"]
[EventCountry "URU"]
[SourceTitle "playchess.com"]
[Source "ChessBase"]
[SourceQuality "1"]
[TimeControl "5400+30"]

1. c4 e5 2. Nc3 g6 3. g3 Bg7 4. Bg2 Ne7 5. e3 d6 6. Nge2 O-O 7. O-O Nd7 {[%emt 0:00:13] A21: English Opening: 1...e5 2 Nc3.} 8. d4 exd4 9. exd4 Nf5 {[%emt 0:00:38] [#]} 10. Nd5 $146 ({Predecessor:} 10. a4 a5 11. b3 Nb8 12. Bb2 Nc6 13. Nd5 Nfe7 14. Nef4 Nxd5 15. Nxd5 Ne7 16. Nxe7+ Qxe7 {½-½ (90) Zwaig,A (2450)-Szmetan,J (2435) Amsterdam 1977}) 10... Nb6 11. Nxb6 axb6 12. Qd3 Qf6 13. Rd1 Re8 14. b3 Qe7 15. Rd2 {[%emt 0:02:17] [#]} (15. Bf3 $11) 15... Bh6 (15... Nxd4 $1 $17 16. Nxd4 Bxd4) 16. Nf4 (16. Rc2 $11 {remains equal.}) 16... Nxd4 (16... Bxf4 $1 $17 17. gxf4 Nh4) 17. Bb2 c5 18. Nd5 Qd8 19. Bxd4 cxd4 20. Re2 Bg7 {[%emt 0:00:40] [#]} (20... Re5 $11) 21. Rxe8+ $1 Qxe8 22. Nxb6 (22. Nc7 $16 Bf5 23. Qf3) 22... Bf5 23. Qd2 Ra7 ({Black should try} 23... Rd8) 24. Re1 Qd8 25. Nd5 Be6 $11 {[%emt 0:00:47] keeps the balance.} 26. Nf4 Bg4 27. Nd5 ({Better is} 27. h3 $16 Bf5 28. a4) 27... h5 28. h3 Be6 29. a4 Kh7 30. h4 Bf5 $2 (30... Bxd5 $14 31. Bxd5 b6) 31. Re7 Be6 {[%emt 0:01:11] [#]} (31... Qf8 {was called for.} 32. Be4 Bxe4 33. Rxe4 Qc8) 32. Qg5 $1 Bxd5 33. Bxd5 ({Inferior is} 33. cxd5 Kg8 $11) 33... f6 $18 (33... Ra5 $142 34. Rxb7 Qxg5 35. hxg5 Kh8 36. Rxf7 d3) 34. Qxf6 $1 Qh8 {[%emt 0:00:28] [#]} 35. Be4 $1 1-0

[Event "IV Copa Marcel Duchamp 2020"]
[Site "Montevideo"]
[Date "2020.02.09"]
[Round "3.29"]
[White "Soto, Nicolas"]
[Black "Kulik, Nicolas"]
[Result "1-0"]
[ECO "B01"]
[WhiteElo "2002"]
[BlackElo "1496"]
[Annotator "NA RC"]
[PlyCount "99"]
[EventDate "2020.02.08"]
[EventType "swiss"]
[EventCountry "URU"]
[SourceTitle "playchess.com"]
[Source "ChessBase"]
[SourceQuality "1"]
[TimeControl "5400+30"]

1. e4 d5 2. exd5 Qxd5 3. Nc3 Qd6 4. d4 c6 5. Bc4 Nf6 6. h3 {[%emt 0:01:48] B01: Scandinavian Defence.} Bf5 7. Nge2 e6 8. Bf4 Qd8 9. Qd2 Bd6 {[%emt 0:00:24] [#]} 10. O-O-O $146 ({Predecessor:} 10. Bb3 Qc7 11. Bxd6 Qxd6 12. Nf4 h6 13. g4 Bh7 14. O-O-O Nbd7 15. Rhg1 g5 16. Nfe2 {½-½ (31) Nemcova,K (1659)-Vavrinkova,E (1488) Kouty nad Desnou 2014}) 10... b5 11. Bd3 ({Better is} 11. d5 $14 Bc5 12. Bd3) 11... Bxd3 12. Qxd3 O-O 13. Bg5 Be7 14. Kb1 (14. Bxf6 $5 Bxf6 15. Ne4 $11) 14... a5 15. Qf3 (15. Bxf6 $5 Bxf6 16. Ne4 $11) 15... Nd5 16. Bxe7 Qxe7 17. Rhe1 Nd7 18. Nxd5 cxd5 19. Nf4 ({White should try} 19. Nc3 $1 $11) 19... Qf6 20. Qg3 Rac8 21. Re3 Rc4 22. Red3 Rfc8 23. R1d2 Nf8 24. Nh5 Qg6 25. Qxg6 Nxg6 26. Rg3 f6 27. b3 R4c7 28. Kb2 a4 29. c3 (29. a3 $15) 29... Kf8 30. Re3 Kf7 31. g3 Nf8 (31... axb3 $17 32. axb3 Ra7) 32. Nf4 Rc6 33. Rde2 R8c7 34. h4 Rc8 35. Nd3 Nd7 36. Nb4 R6c7 $2 (36... Rd6 $1 $14) 37. Rxe6 Ne5 38. Rd6 ({Not} 38. dxe5 Kxe6 39. exf6+ Kd6 $14) 38... Nf3 39. Nxd5 Ra7 40. b4 a3+ 41. Kb3 h5 (41... Rb8 {is a better defense.} 42. Kc2 Ng1) 42. Rb6 Re8 $18 43. Rxe8 Kxe8 44. Rxb5 Nd2+ 45. Kc2 Nc4 46. Ne3 Re7 47. Nxc4 Re2+ 48. Kb3 Rb2+ 49. Nxb2 axb2 50. Kxb2 1-0

[Event "IV Copa Marcel Duchamp 2020"]
[Site "Montevideo"]
[Date "2020.02.09"]
[Round "3.30"]
[White "Silvera, Pilar"]
[Black "Gaye, Gustavo"]
[Result "0-1"]
[ECO "B27"]
[WhiteElo "1356"]
[BlackElo "2001"]
[Annotator "NA RC"]
[PlyCount "60"]
[EventDate "2020.02.08"]
[EventType "swiss"]
[EventCountry "URU"]
[SourceTitle "playchess.com"]
[Source "ChessBase"]
[SourceQuality "1"]
[TimeControl "5400+30"]

1. e4 c5 2. Nf3 g6 3. d4 cxd4 4. Nxd4 Nc6 5. Be3 Nf6 6. Nc3 Bg7 7. f3 O-O 8. Qd2 d5 9. O-O-O dxe4 10. Nxc6 Qxd2+ 11. Rxd2 bxc6 12. Nxe4 Nd5 {[%emt 0:00:24] B34: Sicilian: Accelerated Dragon with 5 Nc3: sidelines.} 13. Bc5 Re8 {[%emt 0:19:48] [#]} 14. Rd1 $146 ({Predecessor:} 14. c4 Nc7 15. Be3 a5 16. Be2 Ne6 17. h4 f5 18. Ng5 f4 19. Bf2 Nxg5 20. hxg5 {½-½ (87) Khatibi,M (2172)-Mahjoob,M (2381) Rasht 2015}) 14... Rb8 15. c3 Bf5 (15... Be6 $15) 16. g3 ({White should play} 16. g4 Bxe4 17. fxe4 Bh6+ 18. Kc2) 16... Bh6+ 17. Kc2 Be3 18. Bd3 $2 (18. Ba3 $15) 18... Bxc5 19. Nxc5 Ne3+ 20. Kc1 Nxd1 21. Rxd1 Bxd3 22. Rxd3 Red8 23. Re3 e6 24. f4 Rd5 25. Nb3 Rbd8 26. Re1 Kg7 27. Kc2 Kf6 28. Re2 h5 29. Nd4 Rc8 30. Nf3 Rc7 $19 0-1

[Event "IV Copa Marcel Duchamp 2020"]
[Site "Montevideo"]
[Date "2020.02.09"]
[Round "3.31"]
[White "Aguilera, Angel"]
[Black "Montanu, Dan-Vladimir"]
[Result "0-1"]
[ECO "A06"]
[WhiteElo "1196"]
[BlackElo "1983"]
[Annotator "NA RC"]
[PlyCount "94"]
[EventDate "2020.02.08"]
[EventType "swiss"]
[EventCountry "URU"]
[SourceTitle "playchess.com"]
[Source "ChessBase"]
[SourceQuality "1"]
[TimeControl "5400+30"]

1. Nf3 d5 2. g3 Nf6 3. c3 c5 4. Bg2 Nc6 5. O-O e5 6. d3 {[%emt 0:00:44] A07: Réti Opening: New York and Capablanca Systems.} h6 {[%emt 0:00:54] [#]} 7. b3 $146 ({Predecessor:} 7. a3 Be6 8. b4 e4 9. Nfd2 exd3 10. exd3 Bd6 11. Nb3 c4 12. dxc4 dxc4 13. Nd4 Nxd4 14. cxd4 O-O 15. Bxb7 Rb8 16. Bg2 a5 17. bxa5 Qxa5 18. Bd2 Qb6 19. Nc3 Qxd4 20. Bf4 {½-½ (20) Telljohann,S (2391)-Khenkin,I (2675) Frankfurt 2012}) 7... Bd6 8. Nbd2 Be6 9. Bb2 O-O 10. Qc2 Rc8 11. Rfe1 Qd7 12. Rad1 b5 13. a3 a5 14. e4 d4 15. c4 bxc4 16. bxc4 Qa7 17. Rb1 a4 18. Ba1 Rb8 19. Rxb8 Rxb8 20. Rb1 Bd7 21. Rxb8+ Bxb8 22. Bb2 Bc7 23. h3 Ne8 24. Kh2 Qb6 25. Ba1 Na5 26. Bb2 f6 27. h4 Nd6 28. Bh3 Qc6 (28... Be8 $15) 29. g4 (29. Bxd7 $11 {remains equal.} Qxd7 30. Kg2) 29... Nf7 30. h5 Nb7 31. Nh4 Nbd8 32. Ng6 Bd6 33. Nf3 Ne6 34. Nfh4 Neg5 35. Qd1 Qb6 36. Qe2 Qb3 37. Kg3 (37. Nf5 $11) 37... Bc7 38. Ne7+ Kh7 39. Nd5 $2 (39. Nhg6 $11 {and White has nothing to worry.} Qb8 40. Nd5) 39... Ba5 (39... Be6 $19 {and Black stays clearly on top.} 40. Nxc7 Bxc4) 40. Nf3 $2 (40. Ng6 $15) 40... Bc3 41. Bc1 Nxh3 42. Kxh3 $19 Qb1 43. Qd1 Bb2 44. Nd2 Qxc1 45. Qxc1 Bxc1 46. Nb1 Ng5+ 47. Kg2 Bxg4 0-1